 Dungeon Crawl Stone Soup version 0.19.4-8-ga85b6b9 (webtiles) character file.

3685 empire the Protected (level 9, -3/82 HPs)
             Began as a Minotaur Fighter on Feb 13, 2017.
             Was a Priest of Nemelex Xobeh.
             Slain by an orc knight
             ... wielding a +0 glaive
              (19 damage)
             ... in a bailey.
             The game lasted 00:19:01 (5619 turns).

empire the Protected (Minotaur Fighter)             Turns: 5619, Time: 00:19:02

Health: -3/82      AC: 21    Str: 24    XL:     9   Next: 90%
Magic:  11/11      EV:  7    Int:  5    God:    Nemelex Xobeh [***...]
Gold:   403        SH: 11    Dex: 10    Spells: 0 memorised, 8 levels left

rFire  . . .     SeeInvis .     a - +2 war axe
rCold  . . .     Gourm    .     K - +0 chain mail
rNeg   . . .     Faith    .     c - +0 shield
rPois  .         Spirit   .     I - +1 hat {MR+}
rElec  .         Reflect  .     i - +1 cloak
rCorr  .         Harm     .     p - +1 pair of gloves
MR     ++...                    (no boots)
Stlth  ..........               (no amulet)
                                w - ring of protection from magic
                                y - +5 ring of protection

@: no status effects
A: retaliatory headbutt, horns 2
a: Triple Draw, Renounce Religion


You were in a bailey.
You worshipped Nemelex Xobeh.
Nemelex Xobeh was most pleased with you.
You were hungry.

You visited 2 branches of the dungeon, and saw 9 of its levels.
You also visited: Bailey.

You collected 403 gold pieces.

Inventory:

Hand Weapons
 a - a +2 war axe (weapon)
 B - a +4 scythe of venom
 D - a cursed +0 flail
 F - a +0 scimitar
 J - a +0 dire flail of crushing
 M - a +2 whip of electrocution
Armour
 c - a +0 shield (worn)
 i - a +1 cloak (worn)
 p - a +1 pair of gloves (worn)
 I - a +1 hat of magic resistance (worn)
 K - a +0 chain mail (worn)
Magical Staves
 N - an uncursed staff of poison {unknown}
Jewellery
 t - an uncursed ring of stealth
 w - a ring of protection from magic (right hand)
 y - a +5 ring of protection (left hand)
 G - a +6 ring of intelligence
Wands
 E - a wand of polymorph (0/24)
 H - a wand of acid (0/15)
Scrolls
 j - 11 scrolls of remove curse
 q - 3 scrolls of teleportation
 O - a scroll of magic mapping
Potions
 b - 4 potions of curing
 e - 2 potions of berserk rage
 g - 2 potions of flight
 k - a potion of magic
 m - 2 potions of mutation
 n - a potion of might
 o - a potion of ambrosia {unknown}
 r - a potion of degeneration {unknown}
 s - a potion of resistance
 P - a potion of experience {unknown}
 Q - a potion of haste {unknown}
Books
 h - a book of Clouds

   Spells                             Type                      Level
   a - Mephitic Cloud                 Conjuration/Poison/Air       3
   b - Conjure Flame                  Conjuration/Fire             3
   c - Poisonous Cloud                Conjuration/Poison/Air       6
   d - Freezing Cloud                 Conjuration/Ice/Air          6
   e - Ring of Flames                 Charms/Fire                  7
 z - a book of Misfortune

   Spells                             Type                      Level
   a - Confusing Touch                Hexes                        1
   b - Confuse                        Hexes                        3
   c - Gell's Gravitas                Hexes/Translocation          3
   d - Petrify                        Transmutation/Earth          4
   e - Metabolic Englaciation         Hexes/Ice                    5
   f - Yara's Violent Unravelling     Hexes/Transmutation          5
Miscellaneous
 d - a plain deck of destruction
 u - a plain deck of escape {drawn: 4}
 v - an ornate deck of destruction {drawn: 4}
 C - a plain deck of destruction
 L - an ornate deck of destruction
Comestibles
 f - 5 bread rations
 l - 3 beef jerkies
 x - a meat ration


   Skills:
 + Level 8.5 Fighting
 + Level 7.8 Axes
 + Level 8.6 Armour
 + Level 8.5 Shields
 + Level 5.1 Invocations
 + Level 2.6 Evocations


You had 8 spell levels left.
You didn't know any spells.

Dungeon Overview and Level Annotations

Branches:
Dungeon (8/15)             Temple (1/1) D:4
   Lair: D:8-11

Altars:
Ashenzari
Cheibriados
Dithmenos
Elyvilon
Fedhas
Gozag
Hepliaklqana
Kikubaaqudgha
Makhleb
Nemelex Xobeh
Okawaru
Qazlal
Ru
Sif Muna
Uskayaw
Vehumet
Xom
Yredelemnul
Zin
The Shining One

Annotations:
D:8 Maurice


Innate Abilities, Weirdness & Mutations

You reflexively headbutt those who attack you in melee.
You have a pair of horns on your head.


Message History

The orc knight is engulfed in noxious fumes. x2
The orc knight appears confused.
The orc knight is engulfed in noxious fumes.
You start to feel less resistant.
The orc knight is no longer moving slowly.
The orc knight is no longer moving slowly.
There is an open door here.
The orc knight roars a battlecry!
You close the door.
Your resistance to elements expires.
An orc knight opens the door.
Things that are here:
a halberd; a ring mail Evoke which item? (* to show all) (? for menu, Esc to quit)
You draw a card...
It is Wild Magic.
The orc knight is blasted with magical energy! x2
You feel a surge of magic.
The orc knight hits you from afar with a glaive!!
You die...
Your body disappears without a glow.

####### ############
##...o.## ##........∩.##
#...)...######............#
'...)oo.#....#...)))......#
'..o))..'.o..'o.@))......∩#
'..)))..#....#..))).......#
#.......######...)........#
##.....## ##........∩.##
####### ############


You could see 2 orc knights.

Vanquished Creatures
  Pikel (D:6)
  Joseph (D:8)
  A snapping turtle (Bailey)
  Sigmund (D:5)
  Eustachio (D:5)
  Edmund (D:6)
  A water moccasin (D:5)
  3 orc warriors (Bailey)
  2 ice beasts
  A sky beast (D:6)
  A black bear (D:8)
  3 ogres
  Blork the orc (D:5)
  A bullfrog (D:6)
  2 howler monkeys
  2 crimson imps (D:6)
  A bullfrog zombie (D:4)
  2 jellies
  3 hounds (D:5)
  2 iguanas (D:7)
  2 bullfrog skeletons
  A centaur skeleton (D:5)
  2 worker ants
  An orc wizard (D:4)
  8 adders
  An adder zombie (D:6)
  An adder skeleton (D:4)
  6 worms
  2 dart slugs
  5 leopard geckos
  37 orcs
  3 ball pythons
  6 bats
  6 giant cockroaches
  4 goblins (D:2)
  5 hobgoblins
  15 jackals
  9 kobolds
  4 quokkas
  5 frilled lizards
  A jackal skeleton (D:6)
  A quokka skeleton (D:4)
  A quokka zombie (D:5)
  9 rats
166 creatures vanquished.

Vanquished Creatures (collateral kills)
  An orc knight (Bailey)
  An orc warrior (Bailey)
  A big kobold (Bailey)
  An orc (Bailey)
4 creatures vanquished.

Grand Total: 170 creatures vanquished

Notes
Turn   | Place    | Note
-------+----------+-------------------------------------------
     0 | D:1      | empire the Minotaur Fighter began the quest for the Orb.
     0 | D:1      | Reached XP level 1. HP: 19/19 MP: 0/0
    59 | D:1      | Reached XP level 2. HP: 24/27 MP: 1/1
   587 | D:2      | Reached XP level 3. HP: 33/33 MP: 2/2
   892 | D:2      | Reached XP level 4. HP: 40/40 MP: 3/3
  1003 | D:2      | Found a sparkling altar of Nemelex Xobeh.
  1013 | D:2      | Became a worshipper of Nemelex Xobeh the Trickster
  1426 | D:3      | Received a gift from Nemelex Xobeh
  1690 | D:3      | Reached * piety under Nemelex Xobeh
  1903 | D:3      | Reached XP level 5. HP: 46/47 MP: 4/4
  2163 | D:4      | Reached skill level 5 in Shields
  2206 | D:4      | Found a burning altar of Makhleb.
  2211 | D:4      | Reached skill level 5 in Armour
  2232 | D:4      | Found a blossoming altar of Fedhas.
  2248 | D:5      | Entered Level 5 of the Dungeon
  2259 | D:5      | Noticed Eustachio
  2292 | D:5      | Killed Eustachio
  2292 | D:5      | Reached skill level 5 in Fighting
  2292 | D:5      | Reached XP level 6. HP: 41/56 MP: 5/5
  2304 | D:5      | Noticed Sigmund
  2319 | D:5      | Killed Sigmund
  2319 | D:5      | Reached XP level 7. HP: 44/61 MP: 6/6
  2343 | D:5      | Reached skill level 5 in Axes
  2382 | D:4      | Received a gift from Nemelex Xobeh
  2392 | D:4      | Reached ** piety under Nemelex Xobeh
  2523 | D:4      | Found a staircase to the Ecumenical Temple.
  2539 | Temple   | Entered the Ecumenical Temple
  2675 | D:4      | Received a gift from Nemelex Xobeh
  2739 | D:4      | Found a hide-covered altar of Uskayaw.
  2739 | D:4      | Found a stormy altar of Qazlal.
  2851 | D:4      | Reached skill level 1 in Invocations
  3134 | D:5      | Noticed Blork the orc
  3141 | D:5      | Killed Blork the orc
  3271 | D:5      | Reached XP level 8. HP: 61/70 MP: 8/8
  3287 | D:6      | Found a shattered altar of Ashenzari.
  3534 | D:6      | Noticed Edmund
  3562 | D:6      | HP: 3/71 [Edmund/dire flail of crushing (5)]
  3565 | D:6      | Killed Edmund
  3994 | D:6      | Received a gift from Nemelex Xobeh
  4011 | D:6      | Noticed Pikel
  4017 | D:6      | Killed Pikel
  4017 | D:6      | Reached XP level 9. HP: 31/79 MP: 10/10
  4342 | D:7      | Reached *** piety under Nemelex Xobeh
  4542 | D:6      | Received a gift from Nemelex Xobeh
  4928 | D:8      | Noticed Joseph
  4942 | D:8      | Killed Joseph
  4942 | D:8      | Reached skill level 1 in Evocations
  4970 | D:8      | Found a sparkling altar of Nemelex Xobeh.
  4999 | D:8      | Noticed Maurice
  5044 | D:8      | Found a flagged portal.
  5054 | Bailey   | Entered a bailey
  5564 | Bailey   | Noticed an orc knight
  5564 | Bailey   | Noticed an orc knight
  5578 | Bailey   | an orc knight changed into a snapping turtle
  5579 | Bailey   | Noticed an orc knight
  5579 | Bailey   | Killed an orc knight
  5579 | Bailey   | Reached skill level 5 in Invocations
  5581 | Bailey   | Noticed an orc knight
  5588 | Bailey   | Noticed an orc knight
  5590 | Bailey   | Noticed an orc knight
  5619 | Bailey   | Slain by an orc knight

Skill      XL: |  1  2  3  4  5  6  7  8  9 |
---------------+----------------------------+-----
Shields        | 4 5 6 7 8 |  8.5
Axes           | 3 4 5 7 |  7.8
Armour         | 4 5 6 7 8 |  8.6
Fighting       | 4 5 6 7 8 |  8.5
Invocations    | 2 3 5 |  5.1
Evocations     | 2 |  2.6

Action                   |  1- 3 |  4- 6 |  7- 9 || total
-------------------------+-------+-------+-------++-------
Melee: War axe           |    73 |   123 |   205 ||   401
       Headbutt          |     8 |    15 |    43 ||    66
Evoke: Wand              |       |       |     8 ||     8
       Deck              |       |       |     8 ||     8
  Use: Scroll            |     4 |     1 |    12 ||    17
       Potion            |       |     3 |     5 ||     8
  Eat: Chunk             |       |     5 |     5 ||    10
       Meat ration       |       |       |     1 ||     1
Armor: Scale mail        |    40 |    89 |    73 ||   202
       Chain mail        |       |       |    84 ||    84
Dodge: Dodged            |    42 |    40 |   112 ||   194
Block: Shield            |    48 |    70 |   174 ||   292
